[Event "Icelandic Team-ch Kvika Leagu 2023-24"]
[Site "Reykjavik"]
[Date "2024.03.02"]
[Round "7"]
[White "Petursson, Margeir"]
[Black "Steingrimsson, Hedinn"]
[Result "0-1"]
[ECO "E01"]
[WhiteElo "2408"]
[BlackElo "2477"]
[Annotator "RC"]
[PlyCount "78"]
[EventDate "2024.02.29"]
[EventType "team-tourn"]
[EventCountry "ISL"]
[SourceTitle "playchess.com"]
[Source "ChessBase"]
[SourceQuality "1"]
[TimeControl "40/5400+30:900+30"]

1. d4 d5 2. c4 c6 3. Nf3 Nf6 4. Nc3 dxc4 5. g3 e6 6. Bg2 Nbd7 7. O-O b5 8. e4 b4 9. e5 Nd5 10. Ne4 Be7 11. Bg5 O-O 12. Qc2 Ba6 13. Rfe1 Rb8 14. h4 h6 15. Bxe7 Qxe7 16. Nfd2 c3 17. bxc3 bxc3 18. Nb3 Rb4 19. Rec1 Bc4 20. Nxc3 Bxb3 21. axb3 Rxd4 22. Rxa7 Nb4 23. Qe2 Qc5 24. Rb7 Nd3 25. Rc2 Qxe5 26. Bxc6 N7c5 27. Rb5 Qd6 28. Bg2 Nb4 29. Rb2 Ncd3 30. Rb1 Rc8 31. Ne4 Qd8 32. Ra1 Rd7 33. Qh5 Nc2 34. Ra6 Nde1 35. Rba5 Rd1 36. Kh2 Nxg2 37. Kxg2 Qd3 38. Nd6 Qf1+ 39. Kf3 Rc3+ 0-1

[Event "Icelandic Team-ch Kvika Leagu 2023-24"]
[Site "Reykjavik"]
[Date "2024.03.02"]
[Round "7"]
[White "Domalchuk-Jonasson, Aleksandr"]
[Black "Laurusas, Tomas"]
[Result "1-0"]
[ECO "D94"]
[WhiteElo "2355"]
[BlackElo "2586"]
[Annotator "TA"]
[PlyCount "175"]
[EventDate "2024.02.29"]
[EventType "team-tourn"]
[EventCountry "ISL"]
[SourceTitle "playchess.com"]
[Source "ChessBase"]
[SourceQuality "1"]
[TimeControl "40/5400+30:900+30"]

1. d4 d5 2. c4 c6 3. Nc3 Nf6 4. e3 g6 5. Nf3 Bg7 6. Be2 O-O 7. O-O e6 8. b3 Nbd7 9. Bb2 b6 10. Qc2 Bb7 {[%emt 0:01:01] The position is equal.} 11. Rfd1 Re8 12. Rac1 Qc7 {[%emt 0:11:16] [#]} 13. Ne5 $1 Rac8 14. Qb1 Red8 (14... Nxe5 15. dxe5 Nd7 (15... Qxe5 $2 16. Nxd5 $18) 16. cxd5 Qxe5 17. dxe6 Qxe6 18. Ne4 Bxb2 19. Qxb2 Qxe4 20. Rxd7) 15. Bf3 Qb8 16. Nxd7 Rxd7 17. Ne2 Rdd8 18. h3 Ba6 19. Nf4 Nd7 20. Nd3 Bb7 21. Rc2 a5 22. a4 Ba6 23. e4 (23. Nf4 $142) 23... dxe4 24. Bxe4 Bb7 25. Rcd2 Qc7 26. Bf3 b5 27. axb5 (27. cxb5 cxb5 28. d5 Bxb2 29. Qxb2 Bxd5 $16) (27. Nc5 $14 bxc4 28. bxc4) 27... cxb5 $11 28. Bxb7 Qxb7 29. c5 Nb8 30. Ne1 Rd5 ({Better is} 30... Na6 $15) 31. Nc2 $1 $14 Rcd8 32. Ne3 R5d7 33. Qa1 h5 34. Qxa5 Nc6 35. Qa1 Ne7 {[%emt 0:00:24] [#]} (35... Qa7 $14) 36. Qc1 (36. c6 $1 $18 {[%cal Rc6b7] and the rest is easy.} Qxc6 (36... Nxc6 $2 {is the wrong capture.} 37. d5 $18) 37. d5 Nxd5 38. Rxd5 (38. Bxg7 $2 {perishes.} Nxe3 39. f3 Rxd2 $19) (38. Nxd5 Ra8 $11) 38... exd5 (38... Rxd5 $2 39. Nxd5 exd5 40. Bxg7 $18) 39. Bxg7) 36... Qc6 $16 37. Qc2 Nd5 38. Qe4 Qc7 39. Qf3 Bh6 40. h4 Bg7 41. g3 Qc6 42. Nc2 Qc7 43. Ra1 Ne7 44. Qe2 {[%emt 0:02:24] White is more active.} Qb7 45. Ra5 Rb8 46. Na3 (46. Nb4 $16) 46... b4 47. Rb5 Qc8 48. Rxb8 Qxb8 49. Nc4 Nf5 50. Qe4 Qc7 51. Kg2 Kh7 52. Ne3 Ne7 53. Rd1 Rd8 54. Nc4 Nf5 {[%emt 0:00:12] Against Nd6} 55. Ne3 Ne7 $1 56. Qf3 Kg8 57. Ba1 Qa7 58. Nc2 Qa2 $2 (58... Nd5 $14) 59. Nxb4 $18 Qa3 60. Nc2 Qa2 61. Qd3 Rb8 (61... Nd5 {is a better defense.} 62. b4 Kh7) 62. b4 Nd5 63. b5 Rxb5 64. Qxb5 Qxc2 65. Re1 {[%emt 0:00:38] Dodges Ne3+} Bf6 66. Qe2 Qa4 67. Qd2 Bd8 68. Rb1 {[%emt 0:00:26][%cal Ob1b8] Hoping for Rb8!} Kg7 69. Bc3 Qa3 70. Bb4 Qa4 71. Qb2 Bf6 72. Kg1 Kg8 73. Qb3 Qb5 74. Bd2 Qe2 75. Be3 Qg4 (75... Kh7 $142 76. Qd1 Qa2) 76. c6 Kg7 77. Rc1 {[%emt 0:00:57] And now c7 would win.} Bd8 78. Qd1 (78. Qd3 $142) 78... Qe4 $2 (78... Nxe3 {keeps fighting.} 79. Qxg4 (79. fxe3 Qxg3+ 80. Kf1 Qxe3 $11) 79... Nxg4) 79. Qc2 Qg4 80. Qd3 Bc7 81. Bd2 Bb6 82. Re1 Nf6 83. Bf4 {[%emt 0:00:15] Black must now prevent Be5.} Nd5 84. Qe4 Kg8 85. Kg2 Bc7 86. Bxc7 {[%emt 0:00:20] Bd6 is the strong threat.} Qxe4+ 87. Rxe4 Nxc7 {[%emt 0:00:05] [#]} 88. d5 $1 {[%emt 0:00:55] Weighted Error Value: White=0.16 (very precise) /Black=0.20 (precise) .  Loses game:     	---       	Black=1      Mistake:       	White=5     	Black=5      Inaccurate:     	White=4     	Black=9      OK:         	White=26    	Black=23     Best:        	White=2     	Black=4      Strong:       	White=1     	Black=1} 1-0

[Event "Icelandic Team-ch Kvika Leagu 2023-24"]
[Site "Reykjavik"]
[Date "2024.03.02"]
[Round "7"]
[White "Thorfinnsson, Bjorn"]
[Black "Hansen, Soren Bech"]
[Result "1-0"]
[ECO "A80"]
[WhiteElo "2353"]
[BlackElo "2213"]
[Annotator "ChessBase"]
[PlyCount "93"]
[EventDate "2024.02.29"]
[EventType "team-tourn"]
[EventCountry "ISL"]
[SourceTitle "playchess.com"]
[Source "ChessBase"]
[SourceQuality "1"]
[TimeControl "40/5400+30:900+30"]

1. d4 f5 2. Nc3 Nf6 3. g3 d5 4. Bg2 e6 5. Nf3 Be7 6. O-O O-O 7. Bf4 b6 8. Nb5 Na6 9. c4 c6 10. Nc3 Bb7 11. Ne5 Ne4 12. Nxe4 dxe4 13. h4 c5 14. dxc5 Bxc5 15. Nd7 Rf7 16. Nxc5 Nxc5 17. b4 Rd7 18. Qc2 Na6 19. a3 Rc8 20. Rfd1 Nb8 21. e3 Nc6 22. Rxd7 Qxd7 23. Rd1 Qe8 24. Bd6 Nd8 25. Be5 Nf7 26. Bb2 Qc6 27. Bf1 Qc7 28. Qc3 e5 29. a4 Bc6 30. b5 Bd7 31. c5 bxc5 32. Bc4 Kf8 33. a5 Re8 34. Rd5 Be6 35. Rxc5 Qd6 36. Be2 Kg8 37. Rc6 Qd5 38. Rc7 Qa8 39. Bc4 Bd5 40. Bb3 Rd8 41. b6 axb6 42. axb6 Qa6 43. b7 Be6 44. Rxf7 Kxf7 45. Qc7+ Ke8 46. Qxd8+ Kxd8 47. b8=Q+ 1-0

[Event "Icelandic Team-ch Kvika Leagu 2023-24"]
[Site "Reykjavik"]
[Date "2024.03.01"]
[Round "7"]
[White "Ragnarsson, Dagur"]
[Black "Thorhallsson, Throstur"]
[Result "1-0"]
[ECO "D46"]
[WhiteElo "2337"]
[BlackElo "2388"]
[Annotator "RC"]
[PlyCount "59"]
[EventDate "2024.02.29"]
[EventType "team-tourn"]
[EventCountry "ISL"]
[SourceTitle "playchess.com"]
[Source "ChessBase"]
[SourceQuality "1"]
[TimeControl "40/5400+30:900+30"]

1. d4 d5 2. c4 e6 3. Nc3 Nf6 4. Nf3 c6 5. e3 Nbd7 6. Qc2 Bd6 7. Be2 O-O 8. O-O dxc4 9. Bxc4 b5 10. Bd3 Bb7 11. Ng5 h6 12. Nge4 Be7 13. Rb1 Nd5 14. Nxd5 exd5 15. Ng3 Re8 16. f3 a6 17. Nf5 Bf8 18. Qf2 g6 19. Qg3 Nf6 20. Nh4 Nh5 21. Qf2 c5 22. g4 Ng7 23. f4 Qf6 24. f5 g5 25. Nf3 Qb6 26. h4 f6 27. hxg5 hxg5 28. Nxg5 c4 29. Qh2 fxg5 30. f6 1-0

[Event "Icelandic Team-ch Kvika Leagu 2023-24"]
[Site "Reykjavik"]
[Date "2024.03.02"]
[Round "7"]
[White "Johannesson, Ingvar Thor"]
[Black "Bjornsson, Sigurbjorn"]
[Result "0-1"]
[ECO "E99"]
[WhiteElo "2313"]
[BlackElo "2305"]
[Annotator "RC"]
[PlyCount "104"]
[EventDate "2024.02.29"]
[EventType "team-tourn"]
[EventCountry "ISL"]
[SourceTitle "playchess.com"]
[Source "ChessBase"]
[SourceQuality "1"]
[TimeControl "40/5400+30:900+30"]

1. d4 Nf6 2. c4 g6 3. Nc3 Bg7 4. e4 d6 5. Be2 O-O 6. Nf3 e5 7. O-O Nc6 8. d5 Ne7 9. Ne1 Nd7 10. Nd3 f5 11. Bd2 Nf6 12. f3 f4 13. c5 g5 14. Rc1 Ng6 15. Nb5 Rf7 16. Ba5 b6 17. cxd6 cxd6 18. Be1 a6 19. Nc3 a5 20. Bf2 Bf8 21. Na4 Rb8 22. Nxb6 Ba6 23. Nc4 g4 24. Be1 g3 25. Nxa5 gxh2+ 26. Kh1 Nh5 27. Nxe5 dxe5 28. Bxa6 Rxb2 29. Nc6 Qg5 30. Rc2 Rxc2 31. Qxc2 Rg7 32. Bc8 Ng3+ 33. Bxg3 fxg3 34. Be6+ Kh8 35. Qc3 Bd6 36. a4 h5 37. Bf5 Nf4 38. Rd1 h4 39. Nxe5 Bxe5 40. Qc8+ Rg8 41. Qd7 Qh6 42. Qc6 Qxc6 43. dxc6 Ra8 44. c7 Bxc7 45. e5 Bxe5 46. Rc1 Rxa4 47. Bc2 Ra1 48. Rxa1 Bxa1 49. Bf5 Nd5 50. f4 Ne3 51. Bh3 Nd1 52. f5 Nf2# 0-1

[Event "Icelandic Team-ch Kvika Leagu 2023-24"]
[Site "Reykjavik"]
[Date "2024.03.02"]
[Round "7"]
[White "Kjartansson, David"]
[Black "Prudnikov, Andrey"]
[Result "0-1"]
[ECO "B23"]
[WhiteElo "2287"]
[BlackElo "2094"]
[Annotator "ChessBase"]
[PlyCount "96"]
[EventDate "2024.02.29"]
[EventType "team-tourn"]
[EventCountry "ISL"]
[SourceTitle "playchess.com"]
[Source "ChessBase"]
[SourceQuality "1"]
[TimeControl "40/5400+30:900+30"]

1. e4 c5 2. Nc3 a6 3. d4 cxd4 4. Qxd4 Nc6 5. Qd2 Nf6 6. f4 e5 7. Nf3 Bb4 8. fxe5 Nxe4 9. Nxe4 Bxd2+ 10. Bxd2 O-O 11. O-O-O Qe7 12. Bc3 b5 13. a3 b4 14. axb4 Nxb4 15. Bc4 d5 16. Nd6 dxc4 17. Bxb4 Bg4 18. Rhe1 Rfb8 19. Bc3 Be6 20. Nd4 Qg5+ 21. Rd2 a5 22. Ne4 Qh6 23. Kb1 a4 24. Nc6 Re8 25. Nd6 Rf8 26. Ka2 Ra6 27. Ne7+ Kh8 28. Rf1 Raa8 29. Nef5 Qxh2 30. Rf3 a3 31. bxa3 Rfb8 32. Ne3 Qh4 33. Nxf7+ Bxf7 34. Rxf7 Qh6 35. Nxc4 Qe6 36. Rc7 Rc8 37. Rdd7 Rxc7 38. Rxc7 Rc8 39. Rxc8+ Qxc8 40. Kb3 Qb7+ 41. Bb4 Qxg2 42. Nd6 Kg8 43. c4 Qg3+ 44. Bc3 Qe3 45. Kb4 h5 46. c5 h4 47. Nc4 Qe4 48. Kb5 h3 0-1

[Event "Icelandic Team-ch Kvika Leagu 2023-24"]
[Site "Reykjavik"]
[Date "2024.03.02"]
[Round "7"]
[White "Thorsteinsson, Thorsteinn"]
[Black "Arngrimsson, Dagur"]
[Result "1/2-1/2"]
[ECO "A11"]
[WhiteElo "2193"]
[BlackElo "2366"]
[Annotator "ChessBase"]
[PlyCount "124"]
[EventDate "2024.02.29"]
[EventType "team-tourn"]
[EventCountry "ISL"]
[SourceTitle "playchess.com"]
[Source "ChessBase"]
[SourceQuality "1"]
[TimeControl "40/5400+30:900+30"]

1. c4 c6 2. Nf3 Nf6 3. Nc3 d5 4. e3 e6 5. b3 Bd6 6. Qc2 O-O 7. Bb2 Qe7 8. Be2 Nbd7 9. O-O Re8 10. Rad1 a6 11. d4 dxc4 12. Bxc4 b5 13. Bd3 Bb7 14. Ne4 Nxe4 15. Bxe4 f5 16. Bd3 c5 17. d5 Nf8 18. e4 exd5 19. e5 Bc7 20. Bxf5 Rad8 21. Rfe1 Ba5 22. Re2 d4 23. Be4 Bxe4 24. Qxe4 Ne6 25. h4 Qd7 26. Qg4 Bb6 27. Ng5 c4 28. Ne4 Kh8 29. Nd6 d3 30. Re4 Rf8 31. Rd2 Ba5 32. Rd1 c3 33. b4 cxb2 34. bxa5 Nc5 35. Qxd7 Rxd7 36. Rb4 Na4 37. Rxd3 Rc7 38. Kh2 Re7 39. f4 g5 40. hxg5 Rxf4 41. Rxf4 b1=Q 42. Rdf3 Qxa2 43. Rf8+ Kg7 44. R3f6 Rxe5 45. Ne8+ Rxe8 46. Rxe8 Qa3 47. Rxa6 Qc5 48. Rea8 Qe5+ 49. Kh1 Nc5 50. R8a7+ Kf8 51. Rc6 Qe1+ 52. Kh2 Qh4+ 53. Kg1 Qd4+ 54. Kh1 Nd7 55. Rcc7 Qh4+ 56. Kg1 Qe1+ 57. Kh2 Qh4+ 58. Kg1 Qd4+ 59. Kh1 Ke7 60. a6 Qh4+ 61. Kg1 Qe1+ 62. Kh2 Qh4+ 1/2-1/2

[Event "Icelandic Team-ch Kvika Leagu 2023-24"]
[Site "Reykjavik"]
[Date "2024.03.01"]
[Round "7"]
[White "Petersson, Baldur Teodor"]
[Black "Olafsson, Thorvardur"]
[Result "1-0"]
[ECO "C54"]
[WhiteElo "2190"]
[BlackElo "2105"]
[Annotator "RC"]
[PlyCount "89"]
[EventDate "2024.02.29"]
[EventType "team-tourn"]
[EventCountry "ISL"]
[SourceTitle "playchess.com"]
[Source "ChessBase"]
[SourceQuality "1"]
[TimeControl "40/5400+30:900+30"]

1. e4 e5 2. Nf3 Nc6 3. Bc4 Bc5 4. c3 Nf6 5. d4 exd4 6. e5 d5 7. Bb5 Ne4 8. cxd4 Bb4+ 9. Bd2 Nxd2 10. Nbxd2 Bxd2+ 11. Qxd2 Bd7 12. O-O O-O 13. Bd3 Bg4 14. Ng5 h6 15. Nh7 Re8 16. Qf4 Be2 17. Nf6+ gxf6 18. Qxh6 Bxd3 19. exf6 Qxf6 20. Qxf6 Bxf1 21. Kxf1 Rad8 22. Re1 Rxe1+ 23. Kxe1 Re8+ 24. Kf1 Re4 25. Qg5+ Kf8 26. Qxd5 Rxd4 27. Qc5+ Ke8 28. g3 Rb4 29. b3 a5 30. Qf5 a4 31. bxa4 Rxa4 32. Qc8+ Nd8 33. Qxc7 Rxa2 34. Qe5+ Kf8 35. h4 Ra6 36. h5 Rh6 37. g4 f6 38. Qd6+ Ke8 39. g5 Rxh5 40. Qxf6 Rh1+ 41. Kg2 Rh4 42. g6 Rg4+ 43. Kh3 Rg1 44. Kh2 Rg4 45. Qe5+ 1-0

[Event "Icelandic Team-ch Kvika Leagu 2023-24"]
[Site "Reykjavik"]
[Date "2024.03.01"]
[Round "7"]
[White "Einarsson, Arnthor"]
[Black "O`Donnell, Conor"]
[Result "0-1"]
[ECO "D31"]
[WhiteElo "2179"]
[BlackElo "2284"]
[Annotator "RC"]
[PlyCount "64"]
[EventDate "2024.02.29"]
[EventType "team-tourn"]
[EventCountry "ISL"]
[SourceTitle "playchess.com"]
[Source "ChessBase"]
[SourceQuality "1"]
[TimeControl "40/5400+30:900+30"]

1. d4 d5 2. c4 e6 3. Nc3 c6 4. Nf3 dxc4 5. a4 Bb4 6. e3 b5 7. Ne5 Nf6 8. Bd2 Bb7 9. b3 Bxc3 10. Bxc3 Nd5 11. Qd2 Nxc3 12. Qxc3 a5 13. bxc4 b4 14. Qb2 c5 15. Be2 cxd4 16. O-O-O O-O 17. Rxd4 Qc7 18. Rg4 f6 19. Nd3 e5 20. Qb3 Nd7 21. Kb1 f5 22. Rh4 Be4 23. c5+ Kh8 24. Rc1 Rac8 25. f3 Nxc5 26. fxe4 Nxb3 27. Rxc7 Rxc7 28. Nxe5 Re8 29. Ng6+ Kg8 30. Nf4 Rec8 31. Bd3 fxe4 32. Bxe4 Nd2+ 0-1

[Event "Icelandic Team-ch Kvika Leagu 2023-24"]
[Site "Reykjavik"]
[Date "2024.03.02"]
[Round "7"]
[White "Van den Berg, Bram"]
[Black "Gunnarsson, Jon Viktor"]
[Result "0-1"]
[ECO "B21"]
[WhiteElo "2173"]
[BlackElo "2442"]
[Annotator "RC"]
[PlyCount "100"]
[EventDate "2024.02.29"]
[EventType "team-tourn"]
[EventCountry "ISL"]
[SourceTitle "playchess.com"]
[Source "ChessBase"]
[SourceQuality "1"]
[TimeControl "40/5400+30:900+30"]

1. e4 c5 2. Be2 Nc6 3. f4 d5 4. d3 g6 5. Nf3 Bg7 6. O-O e6 7. Qe1 Nge7 8. c3 b6 9. Na3 Ba6 10. Bd2 Qd7 11. e5 d4 12. c4 h6 13. Nc2 O-O 14. b3 Bb7 15. b4 cxb4 16. Nxb4 Nf5 17. Nc2 f6 18. exf6 Bxf6 19. g4 Ne3 20. Nxe3 dxe3 21. Bxe3 Bxa1 22. Qxa1 e5 23. Nh4 Qd6 24. f5 g5 25. Ng6 Rf7 26. Qe1 Nd4 27. Bxd4 Qxd4+ 28. Qf2 Re8 29. h4 Kg7 30. Kh2 Qxf2+ 31. Rxf2 Kf6 32. Bd1 Bc6 33. Bc2 Rd7 34. Kg3 Rd4 35. hxg5+ hxg5 36. Re2 e4 37. dxe4 Bxe4 38. Bxe4 Rexe4 39. Rxe4 Rxe4 40. Nf8 Re3+ 41. Kf2 Rh3 42. Kg2 Ra3 43. Nh7+ Ke5 44. Nxg5 Rxa2+ 45. Kf3 Ra3+ 46. Kg2 a5 47. Nf7+ Kf6 48. Nd6 Rd3 49. Ne8+ Kg5 50. f6 Rd7 0-1

[Event "Icelandic Team-ch Kvika Leagu 2023-24"]
[Site "Reykjavik"]
[Date "2024.03.01"]
[Round "7"]
[White "Bjornsson, Tomas"]
[Black "Mai, Alexander Oliver"]
[Result "1/2-1/2"]
[ECO "E08"]
[WhiteElo "2165"]
[BlackElo "2160"]
[Annotator "RC"]
[PlyCount "35"]
[EventDate "2024.02.29"]
[EventType "team-tourn"]
[EventCountry "ISL"]
[SourceTitle "playchess.com"]
[Source "ChessBase"]
[SourceQuality "1"]
[TimeControl "40/5400+30:900+30"]

1. d4 Nf6 2. c4 e6 3. Nf3 d5 4. g3 Bb4+ 5. Bd2 Be7 6. Bg2 O-O 7. O-O Nbd7 8. Qc2 c6 9. Bf4 b6 10. cxd5 cxd5 11. Nc3 Bb7 12. Nb5 Ne8 13. Rac1 Rc8 14. Qb3 a6 15. Rxc8 Bxc8 16. Nc3 Bb7 17. Ne5 Nxe5 18. Bxe5 1/2-1/2

[Event "Icelandic Team-ch Kvika Leagu 2023-24"]
[Site "Reykjavik"]
[Date "2024.03.02"]
[Round "7"]
[White "Ingvason, Johann"]
[Black "Kristinsson, Baldur"]
[Result "1/2-1/2"]
[ECO "E62"]
[WhiteElo "2092"]
[BlackElo "2169"]
[Annotator "RC"]
[PlyCount "112"]
[EventDate "2024.02.29"]
[EventType "team-tourn"]
[EventCountry "ISL"]
[SourceTitle "playchess.com"]
[Source "ChessBase"]
[SourceQuality "1"]
[TimeControl "40/5400+30:900+30"]

1. d4 Nf6 2. c4 g6 3. g3 Bg7 4. Nc3 O-O 5. Bg2 d6 6. Nf3 Nc6 7. d5 Na5 8. b3 c5 9. dxc6 Ne4 10. Nxe4 Bxa1 11. Bh6 Bg7 12. Bxg7 Kxg7 13. h4 Nxc6 14. h5 Qa5+ 15. Kf1 Bf5 16. Qa1+ f6 17. Nc3 Bg4 18. Nd5 e6 19. h6+ Kf7 20. Ng5+ fxg5 21. Qg7+ Ke8 22. Nc7+ Kd8 23. Nxa8 Qf5 24. Qc7+ Ke8 25. Bxc6+ bxc6 26. Qxc6+ Ke7 27. Qc7+ Ke8 28. Qb8+ Kf7 29. Qxa7+ Ke8 30. Qb8+ Ke7 31. Qb7+ Kd8 32. Qb6+ Kd7 33. Qb7+ Kd8 34. f3 d5 35. Qc7+ Ke8 36. Qc6+ Ke7 37. Qb7+ Kd8 38. Qb6+ Kd7 39. Qc7+ Ke8 40. Qc6+ Ke7 41. Qc5+ Kf7 42. Qa7+ Ke8 43. Nc7+ Kd8 44. Nb5 Qe5 45. Qa8+ Ke7 46. Qb7+ Kd8 47. Qg7 Rf6 48. Qg8+ Ke7 49. Qg7+ Kd8 50. Nd6 Qb2 51. Nb7+ Kc8 52. Nd6+ Kd8 53. Nf7+ Ke8 54. Nd6+ Kd8 55. Nb7+ Kc8 56. Nd6+ Kd8 1/2-1/2

[Event "Icelandic Team-ch Kvika Leagu 2023-24"]
[Site "Reykjavik"]
[Date "2024.03.01"]
[Round "7"]
[White "Ptacnikova, Lenka"]
[Black "Sverrisson, Nokkvi"]
[Result "1-0"]
[ECO "D00"]
[WhiteElo "2067"]
[BlackElo "2052"]
[Annotator "RC"]
[PlyCount "43"]
[EventDate "2024.02.29"]
[EventType "team-tourn"]
[EventCountry "ISL"]
[SourceTitle "playchess.com"]
[Source "ChessBase"]
[SourceQuality "1"]
[TimeControl "40/5400+30:900+30"]

1. d4 Nf6 2. Nc3 d5 3. Bf4 c5 4. e3 Nc6 5. Nb5 Qa5+ 6. c3 Kd7 7. Bc7 b6 8. dxc5 Ba6 9. a4 e6 10. Nf3 Nb4 11. Be5 Ne4 12. cxb4 Qxb4+ 13. Bc3 Qxc5 14. Be2 Bd6 15. O-O Ke7 16. Bd4 Qb4 17. Nxd6 Bxe2 18. Nf5+ exf5 19. Qxe2 Rac8 20. Nh4 Nd6 21. Qh5 g6 22. Qg5+ 1-0

[Event "Icelandic Team-ch Kvika Leagu 2023-24"]
[Site "Reykjavik"]
[Date "2024.03.02"]
[Round "8"]
[White "Donchenko, Alexander"]
[Black "Olsen, Filip Boe"]
[Result "1-0"]
[ECO "E06"]
[WhiteElo "2631"]
[BlackElo "2456"]
[Annotator "RC"]
[PlyCount "95"]
[EventDate "2024.02.29"]
[EventType "team-tourn"]
[EventCountry "ISL"]
[SourceTitle "playchess.com"]
[Source "ChessBase"]
[SourceQuality "1"]
[TimeControl "40/5400+30:900+30"]

1. c4 e6 2. g3 d5 3. Bg2 Nf6 4. Nf3 Be7 5. d4 O-O 6. Nc3 dxc4 7. Ne5 c5 8. dxc5 Qxd1+ 9. Nxd1 Bxc5 10. O-O Nc6 11. Bxc6 bxc6 12. Be3 Bxe3 13. Nxe3 c3 14. bxc3 Nd5 15. c4 Nc3 16. Rfe1 Rd8 17. Kf1 Rd2 18. a3 f6 19. Nxc6 Bd7 20. Na5 Ba4 21. Rac1 Ne4 22. c5 Rb2 23. c6 Nd2+ 24. Kg1 Rc8 25. c7 Rb5 26. Nac4 Nxc4 27. Rxc4 Bb3 28. Rc3 Rb7 29. Rb1 Bd5 30. Rd1 Rcxc7 31. Rxc7 Rxc7 32. Nxd5 exd5 33. Rxd5 Kf7 34. Rd6 Ke7 35. Ra6 Kd7 36. Kg2 Kc8 37. e4 Kb7 38. Rd6 Re7 39. Kf3 Kc7 40. Rd5 Kb6 41. Ke3 Rc7 42. f4 Rc3+ 43. Rd3 Rc2 44. h4 Ra2 45. Rc3 Ra1 46. e5 fxe5 47. fxe5 Rd1 48. Ke4 1-0

[Event "Icelandic Team-ch Kvika Leagu 2023-24"]
[Site "Reykjavik"]
[Date "2024.03.02"]
[Round "8"]
[White "Laurusas, Tomas"]
[Black "Hjartarson, Johann"]
[Result "1/2-1/2"]
[ECO "E15"]
[WhiteElo "2586"]
[BlackElo "2460"]
[Annotator "RC"]
[PlyCount "53"]
[EventDate "2024.02.29"]
[EventType "team-tourn"]
[EventCountry "ISL"]
[SourceTitle "playchess.com"]
[Source "ChessBase"]
[SourceQuality "1"]
[TimeControl "40/5400+30:900+30"]

1. d4 Nf6 2. c4 e6 3. Nf3 b6 4. g3 Ba6 5. b3 Bb7 6. Bg2 Bb4+ 7. Bd2 c5 8. O-O O-O 9. dxc5 Bxc5 10. Nc3 Be7 11. Qc2 Na6 12. Rfd1 Nc5 13. Bf4 a6 14. Rac1 h6 15. Qb2 Nce4 16. Nxe4 Bxe4 17. Be5 d6 18. Ne1 Bxg2 19. Nxg2 Qc7 20. Bxf6 Bxf6 21. Qb1 Rfd8 22. Qe4 Rac8 23. Nf4 Qc5 24. h4 Qa5 25. a4 b5 26. cxb5 Rxc1 27. Rxc1 1/2-1/2

[Event "Icelandic Team-ch Kvika Leagu 2023-24"]
[Site "Reykjavik"]
[Date "2024.03.02"]
[Round "8"]
[White "Pultinevicius, Paulius"]
[Black "Urkedal, Frode Olav Olsen"]
[Result "1-0"]
[ECO "D38"]
[WhiteElo "2575"]
[BlackElo "2536"]
[Annotator "RC"]
[PlyCount "87"]
[EventDate "2024.02.29"]
[EventType "team-tourn"]
[EventCountry "ISL"]
[SourceTitle "playchess.com"]
[Source "ChessBase"]
[SourceQuality "1"]
[TimeControl "40/5400+30:900+30"]

1. d4 Nf6 2. c4 e6 3. Nf3 d5 4. Nc3 Bb4 5. cxd5 exd5 6. Bf4 O-O 7. e3 Bg4 8. Qb3 c5 9. dxc5 Qa5 10. a3 Bxc3+ 11. Qxc3 Qxc3+ 12. bxc3 Rc8 13. Nd4 Rxc5 14. f3 Be6 15. Kd2 Nbd7 16. a4 Rcc8 17. Bd3 Nc5 18. Bc2 Ne8 19. g4 Rd8 20. h4 Nd6 21. h5 Nc4+ 22. Ke2 Bd7 23. Nf5 Re8 24. Rhd1 Ne6 25. Bg3 Ng5 26. Rd3 Rac8 27. Ra2 b5 28. axb5 Bxb5 29. Nd4 a6 30. Kf2 Nh3+ 31. Kg2 Nxe3+ 32. Kxh3 Bxd3 33. Bxd3 Rxc3 34. Bxa6 Ra8 35. Rb2 Nc4 36. Rb5 g6 37. h6 Ne3 38. Bb7 Ra1 39. Be5 g5 40. Bc6 f6 41. Rb8+ Kf7 42. Be8+ Ke7 43. Nf5+ Nxf5 44. Bxc3 1-0

[Event "Icelandic Team-ch Kvika Leagu 2023-24"]
[Site "Reykjavik"]
[Date "2024.03.02"]
[Round "8"]
[White "Pakleza, Zbigniew"]
[Black "Kazakouski, Valery"]
[Result "1/2-1/2"]
[ECO "D37"]
[WhiteElo "2482"]
[BlackElo "2608"]
[Annotator "RC"]
[PlyCount "88"]
[EventDate "2024.02.29"]
[EventType "team-tourn"]
[EventCountry "ISL"]
[SourceTitle "playchess.com"]
[Source "ChessBase"]
[SourceQuality "1"]
[TimeControl "40/5400+30:900+30"]

1. d4 d5 2. Nf3 Nf6 3. c4 e6 4. Nc3 a6 5. cxd5 exd5 6. Bg5 Be6 7. e3 Nbd7 8. Bd3 Bd6 9. O-O c6 10. Bf4 Qb8 11. Bxd6 Qxd6 12. a3 O-O 13. h3 g6 14. Rc1 a5 15. Qd2 Rfe8 16. Rfe1 Kg7 17. Qc2 Rec8 18. Red1 Rab8 19. Qd2 h6 20. Ne2 Ra8 21. Nc3 b6 22. Qe1 Nh7 23. Rd2 Ng5 24. Qe2 b5 25. Rdc2 Rcb8 26. Nb1 Nxf3+ 27. Qxf3 Rb6 28. Qf4 Qxf4 29. exf4 Rc8 30. Nd2 a4 31. Nf3 b4 32. g4 bxa3 33. bxa3 Nf6 34. Ne5 Rb3 35. Rxc6 Rxc6 36. Rxc6 g5 37. fxg5 hxg5 38. Bf5 Bxf5 39. gxf5 Ng8 40. Kg2 Rxa3 41. Ra6 Ra1 42. Ng4 a3 43. f6+ Kh7 44. Ne3 a2 1/2-1/2

[Event "Icelandic Team-ch Kvika Leagu 2023-24"]
[Site "Reykjavik"]
[Date "2024.03.02"]
[Round "8"]
[White "Stefansson, Hannes"]
[Black "Kjartansson, Gudmundur"]
[Result "1/2-1/2"]
[ECO "B92"]
[WhiteElo "2481"]
[BlackElo "2465"]
[Annotator "RC"]
[PlyCount "21"]
[EventDate "2024.02.29"]
[EventType "team-tourn"]
[EventCountry "ISL"]
[SourceTitle "playchess.com"]
[Source "ChessBase"]
[SourceQuality "1"]
[TimeControl "40/5400+30:900+30"]

1. e4 c5 2. Nf3 d6 3. d4 cxd4 4. Nxd4 Nf6 5. Nc3 a6 6. Be2 e5 7. Nb3 Be7 8. Bg5 Be6 9. Bxf6 Bxf6 10. Nd5 Nd7 11. Qd3 1/2-1/2

[Event "Icelandic Team-ch Kvika Leagu 2023-24"]
[Site "Reykjavik"]
[Date "2024.03.02"]
[Round "8"]
[White "Gretarsson, Helgi Ass"]
[Black "Gretarsson, Hjorvar Steinn"]
[Result "1-0"]
[ECO "D36"]
[WhiteElo "2477"]
[BlackElo "2530"]
[Annotator "RC"]
[PlyCount "157"]
[EventDate "2024.02.29"]
[EventType "team-tourn"]
[EventCountry "ISL"]
[SourceTitle "playchess.com"]
[Source "ChessBase"]
[SourceQuality "1"]
[TimeControl "40/5400+30:900+30"]

1. d4 e6 2. c4 d5 3. Nc3 Nf6 4. Nf3 Nbd7 5. cxd5 exd5 6. Bg5 h6 7. Bh4 c6 8. e3 Be7 9. Bd3 O-O 10. Qc2 Re8 11. O-O Ne4 12. Bg3 Nxg3 13. hxg3 Nf6 14. Ne5 Bd6 15. f4 c5 16. Qf2 Be6 17. Rad1 a6 18. Be2 b5 19. Bf3 cxd4 20. exd4 b4 21. Na4 Rc8 22. Nc5 Bxc5 23. dxc5 Qa5 24. c6 Ne4 25. Bxe4 dxe4 26. Rc1 f6 27. Nd7 Qxa2 28. Rfe1 Bg4 29. f5 Qa5 30. Nb6 Rc7 31. Qc5 Qxc5+ 32. Rxc5 Kh7 33. Nd5 Re5 34. Rec1 Rxc6 35. Nxf6+ Rxf6 36. Rxe5 Bxf5 37. Rf1 Kg6 38. g4 Bxg4 39. Rxf6+ gxf6 40. Rxe4 Kg5 41. Rxb4 Be2 42. Kf2 Bb5 43. Ke3 h5 44. g3 Bf1 45. Rf4 Bh3 46. Kd4 Bg4 47. Ke4 a5 48. Ke3 Bd1 49. Kd2 Bb3 50. Kc3 a4 51. Kb4 f5 52. Kc5 Bc2 53. Kd6 Be4 54. Ke5 Kg6 55. Ke6 Kg5 56. Kd6 Kf6 57. Rh4 Kg6 58. Ke6 Kg5 59. Ke5 Bc2 60. Rb4 Bd1 61. Rb7 Kg4 62. Rg7+ Kf3 63. Kxf5 Ke3 64. Rc7 Kd3 65. Ke5 Bc2 66. Rc8 Bd1 67. Rc3+ Ke2 68. Ke4 Kd2 69. Kd4 Ke2 70. Ke4 Kd2 71. Rc5 Bc2+ 72. Kd4 Bd1 73. Rc7 Bb3 74. Rc8 Bd1 75. Rc5 Be2 76. Rf5 Ke1 77. Ke3 Bg4 78. Ra5 Bd1 79. Rc5 1-0